 Dungeon Crawl Stone Soup version 0.23.2-40-g277498a001 (webtiles) character file.

Game seed: 370811567466371885

82 FishyPogo the Magician (level 4, 0/30 HPs)
             Began as a Demonspawn Wizard on Sept 1, 2019.
             Slain by an orc
             ... wielding a +0 war axe
              (8 damage)
             ... on level 3 of the Dungeon.
             The game lasted 00:11:20 (1907 turns).

FishyPogo the Magician (Demonspawn Wizard)          Turns: 1907, Time: 00:11:21

Health: 0/30       AC:  1    Str:  7    XL:     4   Next: 21%
Magic:  0/8        EV:  9    Int: 21    God:
Gold:   49         SH:  8    Dex: 11    Spells: 3/9 levels left

rFire    . . .     SeeInvis .   (no weapon)
rCold    . . .     Gourm    .   p - +2 shield
rNeg     . . .     Faith    .   a - +0 robe
rPois    .         Spirit   +   b - +0 hat
rElec    .         Reflect  .   (no cloak)
rCorr    .         Harm     .   (no gloves)
MR       .....                  r - -2 pair of boots (curse)
Stlth    ++........             (no amulet)
HPRegen  0.10/turn              (no ring)
MPRegen  0.22/turn              (no ring)

@: very slightly contaminated
A: horns 1, magic shield, magic regeneration
a: no special abilities


You were on level 3 of the Dungeon.
You were not hungry.

You visited 1 branch of the dungeon, and saw 3 of its levels.

You collected 49 gold pieces.

Inventory:

Hand Weapons
 h - a +1 vampiric dagger
Missiles
 j - 42 stones (quivered)
Armour
 a - a +0 robe (worn)
 b - a +0 hat (worn)
 n - a +0 buckler
 p - a +2 shield (worn)
 r - a cursed -2 pair of boots (worn)
Scrolls
 g - 3 scrolls of identify
 m - a scroll of fog
Potions
 e - a potion of flight {unknown}
 f - 2 potions of agility {unknown}
 i - 2 potions of lignification {unknown}
 k - 2 potions of might {unknown}
 l - a potion of ambrosia {unknown}
 o - a potion of curing {unknown}
 q - a potion of brilliance
 s - 2 potions of resistance {unknown}
Comestibles
 c - 4 chunks of flesh
 d - 5 rations


   Skills:
 - Level 2.2 Dodging
 - Level 2.0 Stealth
 * Level 0.8 Shields
 - Level 3.2 Spellcasting
 - Level 2.1 Conjurations
 + Level 1.5 Summonings
   Level 0.8 Translocations
 - Level 1.0 Air Magic
 - Level 1.0 Poison Magic


You had 3 spell levels left.
You knew the following spells:

 Your Spells              Type           Power        Failure   Level  Hunger
a - Magic Dart            Conj           ##..         32%         1    None
b - Mephitic Cloud        Conj/Pois/Air  #.......     80%         3    ###....
d - Call Imp              Summ           ##......     54%         2    ##.....

Your spell library contained the following spells:

 Spells                   Type           Power        Failure   Level  Hunger
 Blink                    Tloc           N/A          63%         2    ##.....
 Slow                     Hex            #.......     77%         2    ##.....
 Conjure Flame            Conj/Fire      #.......     83%         3    ###....


Dungeon Overview and Level Annotations

Branches:
Dungeon (3/15)

Altars:
Ashenzari


Innate Abilities, Weirdness & Mutations

You have a pair of small horns on your head.
When hurt, damage is shared between your health and your magic reserves.
You regenerate magic rapidly.


Message History

The orc closely misses you.
You hit the orc but do no damage.
The orc is almost dead.
The orc hits you with a +0 war axe!
* * * LOW HITPOINT WARNING * * *
Casting: Magic Dart (safe; 32% risk of failure)
Confirm with . or Enter, or press ? or * to list all spells.
Aiming: Magic Dart (safe; 32% risk of failure)
Press: ? - help, Shift-Dir - straight line, f/p - orc
Aim: an orc, wielding a +0 war axe and wearing a +0 scale mail (almost dead)
You miscast Magic Dart.
Sparks fly from your hands! The orc closely misses you.
Casting: Magic Dart (safe; 32% risk of failure)
Confirm with . or Enter, or press ? or * to list all spells.
Aiming: Magic Dart (safe; 32% risk of failure)
Press: ? - help, Shift-Dir - straight line, f/p - orc
Aim: an orc, wielding a +0 war axe and wearing a +0 scale mail (severely wounded)
The magic dart hits the orc.
The orc is almost dead.
The orc hits you with a +0 war axe!
You die...

#.#...#..# #.#####.#.
#.### # #...# ##..##.#
######..##.#
#.......##.#
#.####o###.# #.# #@#
#.# #.# #.# #.# ###
#.####.# #.# #..
#...##.###.##########.#
#.#...................#
#.##################..#
#รท# #.P....PP...# ##.#
#.# ############# ##.#
#.####### ### ######..#


You could see an orc.

Vanquished Creatures
  3 adders
  An ooze (D:3)
  A dart slug (D:1)
  2 leopard geckos
  An orc (D:3)
  2 giant cockroaches (D:1)
  3 goblins
  5 hobgoblins
  6 bats
  6 frilled lizards
  4 kobolds
  4 rats
38 creatures vanquished.

Vanquished Creatures (collateral kills)
  A worm (D:2)
  An orc (D:2)
  A bat (D:1)
  2 goblins (D:2)
  A hobgoblin (D:2)
  2 ball pythons (D:2)
  A frilled lizard (D:2)
  A kobold (D:2)
  A rat (D:1)
11 creatures vanquished.

Grand Total: 49 creatures vanquished

Notes
Turn   | Place    | Note
-------+----------+-------------------------------------------
     0 | D:1      | FishyPogo the Demonspawn Wizard began the quest for the
                  | Orb.
     0 | D:1      | Reached XP level 1. HP: 13/13 MP: 4/4
   219 | D:1      | Gained mutation: You have a pair of small horns on your
                  | head. [demonic ancestry]
   219 | D:1      | Reached XP level 2. HP: 19/19 MP: 0/6
   272 | D:1      | Learned a level 2 spell: Call Imp
   885 | D:2      | Gained mutation: When hurt, damage is shared between your
                  | health and your magic reserves. [demonic ancestry]
   885 | D:2      | Reached XP level 3. HP: 24/24 MP: 0/7
   890 | D:2      | Learned a level 3 spell: Mephitic Cloud
  1687 | D:3      | Reached skill level 1 in Air Magic
  1687 | D:3      | Gained mutation: You regenerate magic rapidly. [demonic
                  | ancestry]
  1687 | D:3      | Reached XP level 4. HP: 28/30 MP: 2/8
  1705 | D:3      | Found a shattered altar of Ashenzari.
  1716 | D:3      | Reached skill level 1 in Poison Magic
  1907 | D:3      | Slain by an orc

Skill      XL: |  1  2  3  4 |
---------------+-------------+-----
Stealth        | 2 |  2.0
Dodging        | 2 |  2.2
Conjurations   | 2 |  2.1
Air Magic      | 1 |  1.0
Poison Magic   | 1 |  1.0
Shields        | |  0.8
Spellcasting   | |  3.2
Summonings     | |  1.5
Translocations | |  0.8

Action                   |  1- 3 |  4- 6 || total
-------------------------+-------+-------++-------
Melee: Unarmed           |    56 |    21 ||    77
       Headbutt          |     2 |     3 ||     5
Throw: Stone             |     2 |       ||     2
 Cast: Magic Dart        |    72 |    14 ||    86
       Call Imp          |     8 |       ||     8
  Use: Potion            |     1 |       ||     1
       Scroll            |     6 |       ||     6
 Stab: Sleeping          |     2 |       ||     2
  Eat: Chunk             |     3 |       ||     3
Armor: Robe              |    18 |     2 ||    20
Dodge: Dodged            |    54 |    13 ||    67
Block: Shield            |     1 |     8 ||     9
